 Dungeon Sprint DCSS version 0.32-a0-520-g344ed53f66 (webtiles) character file.

Game seed: 1857223860628363606

2075590 Prakerore the Conqueror (level 27, 249/249 HPs)
             Began as a Coglin Brigand on Feb 27, 2024.
             Was an Initiate of Gozag.
             Escaped with the Orb
             ... and 10 runes!
             The game lasted 01:34:55 (7615 turns).

Prakerore the Conqueror (Coglin Brigand)            Turns: 7615, Time: 01:34:56

Health: 249/249    AC: 39    Str: 21    XL:     27
Magic:  45/45      EV: 34    Int:  8    God:    Gozag
Gold:   65657      SH:  5    Dex: 28    Spells: 71/80 levels left

rFire   + + +        v - +9 demon blade (spect) {Septima}
rCold   + + +        Z - +13 sceptre of Asmodeus
rNeg    + + +        E - +8 fire dragon scales
rPois   ∞            s - +0 helmet of Zeofomoika {rF- Regen+ MP-9 Str+5}
rElec   +            K - +4 dragonskin cloak
rCorr   .            x - +1 pair of gloves of Music {rF+ rC+ Will++ Int-3}
SInv    +            A - +0 pair of boots of the Trilobite {rElec rC+ Str+3}
Will    +++++        q - amulet "Muaqem" {Reflect rC+ SH+5 SInv} Stlth
                     (ring unavailable)
HPRegen 1.41/turn    (ring unavailable)
MPRegen 0.29/turn

%: no teleportation, reflection
@: mighty, brilliant, death-form, silenced, quad damage, enlightened, flying,
hasted, glowing, invisible (but backlit and visible), very quick
A: vile attack, torment immunity, no potions, cold resistance 1, fire resistance
1, off-hand wielding, slow wielding, warmup strikes, no rings
0: Orb of Zot
}: 10/15 runes: decaying, slimy, silver, iron, obsidian, bone, demonic, dark,
gossamer, mossy
a: Siphon Essence, Begin Untransformation, Renounce Religion


You escaped.
You worshipped Gozag.
Gozag was exalted by your worship.
You were an undying horror.
You visited 1 branch You collected 89834 gold pieces.
You spent 14146 gold pieces at shops.
You paid 10031 gold pieces to Gozag.

Inventory:

Hand Weapons
 a - a +2 dagger {Ruka}
 p - a +0 dagger {Lin}
 u - a +0 long sword {Nari}
 v - a +9 spectral demon blade (weapon) {Septima}
 S - a +9 eudemon blade of holy wrath {Simosihle}
 Z - the +13 sceptre of Asmodeus (offhand)
   (You took it off Asmodeus in the Dungeon)

   Fire Summon: It may summon demons of flame and damnation when striking foes.
Missiles
 d - 6 poisoned darts (quivered)
 e - 2 curare-tipped darts
 P - a throwing net
Armour
 b - a +0 robe
 c - a +0 cloak
 r - the +1 cloak "Poleinei" {rC+}
   (You bought it in a shop in the Dungeon)

   rC+:       It protects you from cold.
 s - the +0 helmet of Zeofomoika (worn) {rF- Regen+ MP-9 Str+5}
   (You bought it in a shop in the Dungeon)

   Str+5:     It affects your strength (+5).
   rF-:       It makes you vulnerable to fire.
   MP-9:      It affects your magic capacity (-9).
   Regen+:    It increases your rate of health regeneration.
 t - the +3 pair of boots "Dunyoxaa" {Int+3 Dex+3}
   (You bought it in a shop in the Dungeon)

   Int+3:     It affects your intelligence (+3).
   Dex+3:     It affects your dexterity (+3).
 w - the +1 pair of gloves of Voopn {Harm Fly rN+}
   (You bought it in a shop in the Dungeon)

   rN+:       It protects you from negative energy.
   Fly:       It grants you flight.
   Harm:      It increases damage dealt and taken.
 x - the +1 pair of gloves of Music (worn) {rF+ rC+ Will++ Int-3}
   (You bought it in a shop in the Dungeon)

   Int-3:     It affects your intelligence (-3).
   rF+:       It protects you from fire.
   rC+:       It protects you from cold.
   Will++:    It greatly increases your willpower.
 y - the +1 cloak "Kaalog" {-Cast rPois rC+ Will+}
   (You bought it in a shop in the Dungeon)

   rC+:       It protects you from cold.
   rPois:     It protects you from poison Will+: It increases your willpower.
   -Cast:     It prevents spellcasting.
 z - the +0 hat "Vir Caac" {rC+ Str+3 Int+2 Dex+2}
   (You bought it in a shop in the Dungeon)

   Str+3:     It affects your strength (+3).
   Int+2:     It affects your intelligence (+2).
   Dex+2:     It affects your dexterity (+2).
   rC+:       It protects you from cold.
 A - the +0 pair of boots of the Trilobite (worn) {rElec rC+ Str+3}
   (You bought it in a shop in the Dungeon)

   Str+3:     It affects your strength (+3).
   rC+:       It protects you from cold.
   rElec:     It insulates you from electricity.
 E - +8 fire dragon scales (worn)
 K - the +4 dragonskin cloak (worn)
   (You took it off Tiamat in the Dungeon)

   Avatar's Aegis: It grants the wearer a chance to resist fire, cold, poison,
   electricity, acid, and negative energy.
 N - the +0 cloak of the Nexus {Rampage rC++ rN+++ Int-2}
   (You found it in the Dungeon)

   Int-2:     It affects your intelligence (-2).
   rC++:      It greatly protects you from cold.
   rN+++:     It renders you almost immune to negative energy.
   Rampage:   It bestows one free step when moving towards enemies.
 Q - a +0 tower shield
 V - the orb of Dispater {+Damnation *Corrode AC+5}
   (You took it off Dispater in the Dungeon)

   +Damnation: It grants the ability to hurl damnation at the cost of health and
   magic, with strength depending on Evocations skill.
   AC+5:      It affects your AC (+5).
   *Corrode:  It may corrode you when you take damage.
 Y - the scarf "Itsosets" {repulsion, Int+4}
   (You found it in the Dungeon)

   Int+4:     It affects your intelligence (+4).
Magical Staves
 o - a staff of alchemy
 U - a staff of conjuration
 W - a staff of earth
 X - a staff of death
Jewellery
 q - the amulet "Muaqem" (around neck) {Reflect rC+ SH+5 SInv}
   (You bought it in a shop in the Dungeon)

   [amulet of reflection]

   Reflect:   It reflects blocked missile attacks.
   rC+:       It protects you from cold.
   SInv:      It lets you see invisible.
   SH+5:      It affects your SH (+5).
 B - the amulet of Beauty {+Inv rElec Regen+}
   (You bought it in a shop in the Dungeon)

   [amulet of regeneration]

   rElec:     It insulates you from electricity.
   +Inv:      It lets you turn invisible.
   Regen+:    It increases your rate of health regeneration.
 C - the amulet of Eddoor {Acrobat rF+ Int+6}
   (You bought it in a shop in the Dungeon)

   [amulet of the acrobat]

   Acrobat:   It increases your evasion while moving and waiting.
   Int+6:     It affects your intelligence (+6).
   rF+:       It protects you from fire.
 D - the amulet of Aquitt {RegenMP rElec Will- Str+4 Stlth+}
   (You bought it in a shop in the Dungeon)

   [amulet of magic regeneration]

   RegenMP:   It increases your rate of magic regeneration.
   Str+4:     It affects your strength (+4).
   rElec:     It insulates you from electricity.
   Will-:     It decreases your willpower.
   Stlth+:    It makes you more stealthy.
 L - the amulet "Vergh" {Spirit Str+3}
   (You found it in the Dungeon)

   [amulet of guardian spirit]

   Spirit:    It causes incoming damage to be divided between your reserves of
   health and magic.
   Str+3:     It affects your strength (+3).
 R - the dreamshard necklace {Acrobat *Dream}
   (You found it in the Dungeon)

   [amulet of the acrobat]

   *Dream:    It absorbs a single lethal wound into itself, holding its wearer
   just short of death and releasing dream-creatures to guard them.
   Acrobat:   It increases your evasion while moving and waiting.
Talismans
 l - a talisman of death (active)
Wands
 m - a wand of paralysis (5)
Scrolls
 k - 8 scrolls of blinking
 n - 4 scrolls of fog
 T - 2 scrolls of enchant weapon
Potions
 f - 2 potions of curing
 g - 3 potions of heal wounds
 h - 6 potions of haste
 i - 2 potions of magic
 j - 5 potions of berserk rage
 F - 5 potions of resistance
 G - a potion of cancellation
 H - 2 potions of might
 I - a potion of mutation
 J - 6 potions of attraction
 M - a potion of experience


   Skills:
 O Level 27 Fighting
 - Level 2.0(8.4) Short Blades
 - Level 13.9(14.0) Long Blades
 - Level 16.0 Maces & Flails
 - Level 6.0 Throwing
 O Level 27 Armour
 - Level 26.5 Dodging
 - Level 3.2 Stealth
 O Level 27 Spellcasting
 + Level 26.4 Conjurations
 - Level 2.8 Ice Magic
 O Level 27 Earth Magic
 - Level 9.0 Evocations
 O Level 27 Shapeshifting


You had 71 spell levels left.
You knew the following spells:

 Your Spells              Type           Power      Damage    Failure   Level
a - Shatter               Erth           34%        3d28*     7%          9

Your spell library contained the following spells:

 Spells                   Type           Power      Damage    Failure   Level
 Chain Lightning          Conj/Air       23%        3d31      100%        9
 Fire Storm               Conj/Fire      23%        8d6       100%        9


Dungeon Overview and Level Annotations

Branches:
Dungeon (1/1)

Altars:
Cheibriados
Dithmenos
Fedhas
Gozag
Kikubaaqudgha
Makhleb
Okawaru
Qazlal
Ru
Sif Muna
Trog
Uskayaw
Vehumet
Wu Jian
Xom
Yredelemnul
Zin
The Shining One
Beogh
Lugonu

Shops:
D *[=??*?*:[((!!!


Innate Abilities, Weirdness & Mutations

You are an undying horror.
Your melee and unarmed attacks drain, slow and weaken victims.
You are immune to unholy pain and torment.
You cannot drink.
You are immune to poison.
Your flesh is cold resistant. (rC+)
Your flesh is heat resistant. (rF+)
You can wield a second weapon in your off-hand.
It takes a long time for you to wield or remove held weapons.
Your first few attacks do less damage.
Your grasper-arms cannot wear rings.


Message History

MASTER BLASTER IS SEVERELY DAMAGED.
YOU HIT MASTER BLASTER BUT DO NO DAMAGE.
YOUR +9 SPECTRAL DEMON BLADE {SEPTIMA} HITS MASTER BLASTER.
UNKNOWN COMMAND.
YOU SLASH MASTER BLASTER WITH YOUR +9 SPECTRAL DEMON BLADE!
MASTER BLASTER DECAYS.
MASTER BLASTER IS ALMOST DESTROYED.
YOU PERFORATE MASTER BLASTER LIKE A SIEVE WITH THE +13 SCEPTRE OF ASMODEUS!!!
MASTER BLASTER DECAYS.
YOUR +9 SPECTRAL DEMON BLADE {SEPTIMA} HITS MASTER BLASTER BUT DOES NO DAMAGE.
MASTER BLASTER MISSES YOUR +9 SPECTRAL DEMON BLADE {SEPTIMA}.
YOU IMPALE MASTER BLASTER WITH THE +13 SCEPTRE OF ASMODEUS!!
YOU BLOW UP MASTER BLASTER!
A RUNE OF ZOT HAS APPEARED.
THE EXIT HAS RE-OPENED.
YOU HAVE WON A PRIZE FOR KILLING THE BOSS!
YOU SEE HERE THE +0 CLOAK OF THE NEXUS {RAMPAGE RC++ RN+++ INT-2}.
SCORE MULTIPLIER: 25X YOU NOW HAVE 207559 ARENA POINTS (GAINED 21000).
YOUR +9 SPECTRAL DEMON BLADE {SEPTIMA} DISAPPEARS.
THE ARENA FALLS SILENT.
EVERYONE BUT YOU IS DEAD.
THERE IS NOTHING TO DO NOW BUT TAKE THE ORB AND LEAVE.
CONGRATULATIONS, CHAMPION.
YOUR CONJURATIONS SKILL GAINED 13 LEVELS AND IS NOW AT LEVEL 26!
UNKNOWN COMMAND.
SEARCH FOR WHAT [ENTER FOR "BLINK", OR ?
FOR HELP]? .
YOU NOW HAVE 65513 GOLD PIECES (GAINED 2100).
M - A POTION OF EXPERIENCE N - THE +0 CLOAK OF THE NEXUS {RAMPAGE RC++ RN+++ INT-2} YOU PICK UP THE DEMONIC RUNE AND FEEL ITS POWER.
YOU NOW HAVE 10 RUNES.
PRESS } TO SEE ALL THE RUNES YOU HAVE COLLECTED.
YOU NOW HAVE 65657 GOLD PIECES (GAINED 144).
THERE IS A STAIRCASE LEADING OUT OF THE DUNGEON HERE.
ITEMS HERE: ( )))) 0.
YOU PICK UP THE ORB OF ZOT!
THE ORB LETS OUT A FURIOUS BURST OF LIGHT!
THE LORDS OF PANDEMONIUM ARE NOT AMUSED.
BEWARE!
NOW ALL YOU HAVE TO DO IS GET BACK OUT OF THE DUNGEON!
UNKNOWN COMMAND.
YOU HAVE ESCAPED!

#_......._# ###.........###
#⌠.....[..)).⌠#
######.ß[..(.....ß.######
##∩_.......)###.)....___∩##
###∩..)..[.)ß)###.ß........∩###
##[.....)...$))#..[....)..).)..##
#⌠......)...###)))###..).......⌠#
#[)[[.[[........z.# #..........⌠#
#[.(..........$($[###[.........⌠#
##...)...§§$))(#..)............##
##.∩.....§...).##.ß........∩###
▓##∩.__§§$$))#...)....___∩##
####.$§$$.).)....ß.######
▓▓.$.$.....)...⌠#
▓#.$$........### ▓▓..$..)..._#


There were no monsters in sight!

Vanquished Creatures
  Dissolution (D)
  Asmodeus (D)
  Ereshkigal (D)
  Ignacio (D)
  Gloorx Vloq (D)
  Mennas (D)
  Dispater (D)
  Tiamat (D)
  4 ancient liches (D)
  An orb of fire (D)
  2 juggernauts (shapeshifter) (D)
  5 royal mummies (D)
  Agnes (D)
  2 shard shrikes (shapeshifter) (D)
  2 Killer Klowns (D)
  3 golden dragons (shapeshifter) (D)
  Arachne (D)
  2 iron giants (D)
  An electric golem (D)
  11 Orb Guardians (D)
  4 titans (shapeshifter) (D)
  5 titans (D)
  3 liches (D)
  An iron dragon (shapeshifter) (D)
  3 quicksilver dragons (D)
  3 acid blobs (D)
  17 sphinxes (D)
  36 Executioners (D)
  A nagaraja (D)
  A rockslime (shapeshifter) (D)
  A fenstrider witch (shapeshifter) (D)
  2 rockslimes (D)
  8 fire giants (D)
  An iron dragon (D)
  7 frost giants (D)
  3 orc warlords (D)
  An iron troll (shapeshifter) (D)
  17 reapers (D)
  A formless jellyfish (D)
  2 quicksilver oozes (D)
  9 stone giants (D)
  2 ophanim (D)
  4 vampire knights (D)
  A very ugly thing (shapeshifter) (D)
  An iron golem (D)
  2 eidola (D)
  7 mummy priests (D)
  4 great orbs of eyes (D)
  7 vault guards (D)
  13 catoblepae (D)
  8 hell beasts (D)
  An anaconda (D)
  14 dancing weapons (D)
  2 iron elementals (D)
  16 boulder beetles (D)
  3 two-headed ogres (D)
  A naga sharpshooter (D)
  5 orc high priests (D)
  A sun demon (D)
  A vampire mage (D)
  A soul eater (D)
  8 iron trolls (D)
  9 death drakes (D)
  3 phantasmal warriors (D)
  A spriggan druid (D)
  4 deep trolls (D)
  A bog body (D)
  3 orc knights (D)
  A shining eye (D)
  3 orc sorcerers (D)
  5 rust devils (D)
  7 moths of wrath (D)
  4 eyes of devastation (D)
  4 orange demons (D)
  A naga mage (D)
  A rime drake (D)
  2 komodo dragons (D)
  An ice devil (D)
  3 guardian mummies (D)
  2 trolls (D)
  Grinder (D)
  A tarantella (D)
  A hornet (D)
  4 glass eyes (D)
  2 slime creatures (D)
  15 air elementals (D)
  A spriggan (D)
  4 vampires (D)
  Eustachio (D)
  A golden eye (D)
  3 wraiths (D)
  A redback (D)
  15 neqoxecs (D)
  2 chaos spawn (D)
  An acid dragon (D)
  A swamp drake (D)
  7 dwarves (D)
  5 ogres (D)
  8 earth elementals (D)
  3 scorpions (D)
  4 wights (D)
  A killer bee (D)
  6 vampire bats (D)
  A crimson imp (D)
  An ufetubus (D)
  An adder zombie (D)
  A jackal skeleton (D)
  A quokka zombie (D)
419 creatures vanquished.

Vanquished Creatures (collateral kills)
  A titan (D)
  6 sphinxes (D)
  3 Executioners (D)
  2 reapers (D)
  2 ophanim (D)
  3 hell beasts (D)
  A great orb of eyes (D)
  3 shining eyes (D)
  3 glass eyes (D)
  5 golden eyes (D)
29 creatures vanquished.

Vanquished Creatures (others)
  4 air elementals (D)
  2 golden eyes (D)
  14 spectral weapons (D)
20 creatures vanquished.

Grand Total: 468 creatures vanquished

Notes
Turn   | Place    | Note
-------+----------+-------------------------------------------
     0 | D        | Prakerore the Coglin Brigand began the quest for the Orb.
     0 | D        | Reached XP level 1. HP: 16/16 MP: 1/1
     1 | D        | Found an opulent altar of Gozag.
     2 | D        | Found a blossoming altar of Fedhas.
     3 | D        | Found a stormy altar of Qazlal.
     3 | D        | Found a basalt altar of Yredelemnul.
     4 | D        | Found a roughly hewn altar of Beogh.
     4 | D        | Found a radiant altar of Vehumet.
     4 | D        | Found a glowing silver altar of Zin.
     4 | D        | Found Petwufae's Magic Scroll Shop.
     4 | D        | Found Caaly's Staff Store.
     5 | D        | Found Gusanak's Timeless Talismans.
     5 | D        | Found Saof's Magic Scroll Shop.
     5 | D        | Found Otteke's Must-Have Magic.
     5 | D        | Round 1.
     9 | D        | Became a worshipper of Gozag Ym Sagoz the Greedy
    26 | D        | Bought a +0 dagger for 60 gold pieces
    33 | D        | Found an iron altar of Okawaru.
    36 | D        | Found a shimmering altar of Xom.
    36 | D        | Found a snail-covered altar of Cheibriados.
    36 | D        | Found Ygaxtakk's Distillery.
    36 | D        | Found Zafos's Distillery.
    37 | D        | Found Cevaidery's Bottled Wisdom.
    39 | D        | Found a corrupted altar of Lugonu.
    39 | D        | Found a sacrificial altar of Ru.
    39 | D        | Found an ornate altar of the Wu Jian Council.
    39 | D        | Found Wari Odd's Do-It-Yourself Clinic.
    52 | D        | Found an ancient bone altar of Kikubaaqudgha.
    55 | D        | Found a shimmering blue altar of Sif Muna.
    55 | D        | Found a hide-covered altar of Uskayaw.
    55 | D        | Found Ocwan's Weapon Rack.
    55 | D        | Found Paistr Yvveo's Basic Armour.
    56 | D        | Found Odig's Miscellaneous Merchandise.
    56 | D        | Noticed a killer bee
    61 | D        | Killed a killer bee
    62 | D        | Reached XP level 2. HP: 17/22 MP: 2/2
    62 | D        | Reached XP level 3. HP: 21/27 MP: 3/3
    62 | D        | Found a bloodstained altar of Trog.
    62 | D        | Found a glowing golden altar of the Shining One.
    62 | D        | Found Joggy's Premium Goods.
    77 | D        | Noticed a scorpion
    84 | D        | Killed a scorpion
    85 | D        | Reached XP level 4. HP: 34/35 MP: 4/4
    85 | D        | Found a burning altar of Makhleb.
    91 | D        | Found a shadowy altar of Dithmenos.
    94 | D        | Noticed a redback
    97 | D        | Noticed a scorpion
   101 | D        | Killed a redback
   102 | D        | Reached skill level 5 in Throwing
   102 | D        | Reached skill level 5 in Fighting
   102 | D        | Reached skill level 5 in Dodging
   102 | D        | Reached XP level 5. HP: 46/46 MP: 5/5
   102 | D        | Reached XP level 6. HP: 52/52 MP: 6/6
   124 | D        | Found Golutit's Identification Station.
   133 | D        | Found Ypleyni's Advanced Armour.
   133 | D        | Found Rosupsy's Jewellery.
   155 | D        | Bought a clouded tin amulet for 45 gold pieces
   155 | D        | Identified the amulet "Muaqem" {Reflect rC+ SH+5 SInv} (You
                  | bought it in a shop in the Dungeon)
   159 | D        | Arena points: 6 (+6) [x1]
   169 | D        | Bought a masterwork cloak for 332 gold pieces
   169 | D        | Identified the +1 cloak "Poleinei" {rC+} (You bought it in
                  | a shop in the Dungeon)
   174 | D        | Round 2.
   184 | D        | Noticed Eustachio
   194 | D        | Noticed Grinder
   206 | D        | Killed Grinder
   207 | D        | Reached XP level 7. HP: 33/64 MP: 7/7
   216 | D        | Killed Eustachio
   241 | D        | Arena points: 26 (+20) [x2]
   256 | D        | Round 3.
   283 | D        | Bought an encrusted helmet for 332 gold pieces
   283 | D        | Identified the +0 helmet of Zeofomoika {rF- Regen+ MP-9
                  | Str+5} (You bought it in a shop in the Dungeon)
   336 | D        | Reached skill level 10 in Fighting
   340 | D        | Reached XP level 8. HP: 57/73 MP: 0/8
   392 | D        | Arena points: 89 (+63) [x3]
   415 | D        | Bought a pair of ancient boots for 332 gold pieces
   415 | D        | Identified the +3 pair of boots "Dunyoxaa" {Int+3 Dex+3}
                  | (You bought it in a shop in the Dungeon)
   440 | D        | Round 4.
   578 | D        | Arena points: 217 (+128) [x4]
   613 | D        | Bought a +0 demon blade for 450 gold pieces
   628 | D        | Round 5.
   639 | D        | Noticed the 27-headed Lernaean hydra
   660 | D        | Noticed a bog body
   662 | D        | Noticed a spriggan rider
   670 | D        | Noticed a six-headed hydra
   689 | D        | Killed a spriggan
   691 | D        | Paralysed by a hornet for 2 turns
   695 | D        | Killed a hornet
   699 | D        | Killed a bog body
   700 | D        | Reached skill level 10 in Long Blades
   700 | D        | Reached XP level 9. HP: 37/81 MP: 0/9
   714 | D        | Noticed a goliath frog
   765 | D        | Arena points: 232 (+15) [x1]
   766 | D        | Got a decaying rune of Zot
   769 | D        | Bought a pair of buzzing gloves for 332 gold pieces
   769 | D        | Identified the +1 pair of gloves of Voopn {Harm Fly rN+}
                  | (You bought it in a shop in the Dungeon)
   973 | D        | Round 6.
  1113 | D        | Arena points: 328 (+96) [x2]
  1128 | D        | Bought a pair of polished gloves for 332 gold pieces
  1128 | D        | Identified the +1 pair of gloves of Music {rF+ rC+ Will++
                  | Int-3} (You bought it in a shop in the Dungeon)
  1162 | D        | Round 7.
  1164 | D        | Noticed a komodo dragon
  1164 | D        | Noticed a rime drake
  1167 | D        | Noticed a swamp dragon
  1180 | D        | Noticed a komodo dragon
  1180 | D        | Noticed a swamp dragon
  1201 | D        | Killed a komodo dragon
  1206 | D        | Killed a rime drake
  1210 | D        | Killed a komodo dragon
  1211 | D        | Reached XP level 10. HP: 89/89 MP: 1/10
  1236 | D        | Arena points: 454 (+126) [x3]
  1251 | D        | Round 8.
  1263 | D        | Reached skill level 10 in Dodging
  1287 | D        | Noticed a two-headed ogre
  1302 | D        | Noticed a two-headed ogre
  1310 | D        | Killed a two-headed ogre
  1314 | D        | Killed a two-headed ogre
  1346 | D        | Noticed a two-headed ogre
  1354 | D        | Killed a two-headed ogre
  1354 | D        | Arena points: 742 (+288) [x4]
  1377 | D        | Bought a spiked cloak for 332 gold pieces
  1377 | D        | Identified the +1 cloak "Kaalog" {-Cast rPois rC+ Will+}
                  | (You bought it in a shop in the Dungeon)
  1387 | D        | Bought a fine hat for 315 gold pieces
  1387 | D        | Identified the +0 hat "Vir Caac" {rC+ Str+3 Int+2 Dex+2}
                  | (You bought it in a shop in the Dungeon)
  1387 | D        | Bought a pair of buzzing boots for 332 gold pieces
  1387 | D        | Identified the +0 pair of boots of the Trilobite {rElec rC+
                  | Str+3} (You bought it in a shop in the Dungeon)
  1388 | D        | Round 9.
  1433 | D        | Noticed a sun demon
  1437 | D        | Noticed a soul eater
  1447 | D        | Bought a coiled brass amulet for 45 gold pieces
  1447 | D        | Identified the amulet of Beauty {+Inv rElec Regen+} (You
                  | bought it in a shop in the Dungeon)
  1447 | D        | Bought a scintillating sapphire amulet for 45 gold pieces
  1447 | D        | Identified the amulet of Eddoor {Acrobat rF+ Int+6} (You
                  | bought it in a shop in the Dungeon)
  1447 | D        | Bought a translucent bone amulet for 45 gold pieces
  1447 | D        | Identified the amulet of Aquitt {RegenMP rElec Will- Str+4
                  | Stlth+} (You bought it in a shop in the Dungeon)
  1474 | D        | Noticed an orange demon
  1485 | D        | Killed an orange demon
  1490 | D        | Noticed an orange demon
  1506 | D        | Reached skill level 15 in Fighting
  1506 | D        | Reached skill level 1 in Shapeshifting
  1513 | D        | Killed an orange demon
  1514 | D        | Reached XP level 11. HP: 68/102 MP: 5/11
  1526 | D        | Killed a soul eater
  1527 | D        | Reached skill level 5 in Shapeshifting
  1541 | D        | Killed a sun demon
  1552 | D        | Arena points: 1192 (+450) [x5]
  1568 | D        | Bought +0 fire dragon scales for 720 gold pieces
  1586 | D        | Round 10.
  1596 | D        | Noticed Arachne
  1608 | D        | Noticed an entropy weaver
  1617 | D        | Noticed a steelbarb worm
  1622 | D        | Killed Arachne
  1622 | D        | Arena points: 1822 (+630) [x7]
  1623 | D        | Got a gossamer rune of Zot
  1624 | D        | Reached XP level 12. HP: 79/109 MP: 12/12
  1643 | D        | Bought 6 potions of resistance for 420 gold pieces
  1643 | D        | Bought a potion of heal wounds for 35 gold pieces
  1643 | D        | Bought a potion of cancellation for 56 gold pieces
  1643 | D        | Bought 6 potions of might for 168 gold pieces
  1643 | D        | Bought a potion of mutation for 56 gold pieces
  1643 | D        | Bought 6 potions of attraction for 126 gold pieces
  1644 | D        | Bought a potion of curing for 21 gold pieces
  1650 | D        | Bought a potion of experience for 300 gold pieces
  1650 | D        | Gained mutation: Your flesh is cold resistant. (rC+)
                  | [Coglin growth]
  1650 | D        | Gained mutation: Your flesh is heat resistant. (rF+)
                  | [Coglin growth]
  1650 | D        | Reached XP level 13. HP: 104/115 MP: 13/13
  1651 | D        | Bought a potion of experience for 300 gold pieces
  1651 | D        | Reached skill level 10 in Shapeshifting
  1651 | D        | Reached XP level 14. HP: 113/123 MP: 14/14
  1652 | D        | Bought 3 potions of experience for 900 gold pieces
  1652 | D        | Reached XP level 15. HP: 119/129 MP: 15/15
  1653 | D        | Reached XP level 16. HP: 126/136 MP: 16/16
  1654 | D        | Reached XP level 17. HP: 133/142 MP: 17/17
  1815 | D        | Round 11.
  1898 | D        | Noticed Nergalle
  1981 | D        | Arena points: 1921 (+99) [x1]
  1996 | D        | Round 12.
  1998 | D        | Bought 3 potions of heal wounds for 105 gold pieces
  1998 | D        | Bought 3 potions of heal wounds for 105 gold pieces
  2014 | D        | Noticed an acid blob
  2022 | D        | Killed an acid blob
  2023 | D        | Reached skill level 15 in Shapeshifting
  2065 | D        | Noticed an acid blob
  2070 | D        | Noticed an acid blob
  2079 | D        | Killed an acid blob
  2087 | D        | Killed an acid blob
  2114 | D        | Bought 3 potions of haste for 210 gold pieces
  2190 | D        | Arena points: 2185 (+264) [x2]
  2197 | D        | Bought 5 potions of berserk rage for 175 gold pieces
  2197 | D        | Bought 4 potions of haste for 280 gold pieces
  2257 | D        | Round 13.
  2433 | D        | Arena points: 2653 (+468) [x3]
  2457 | D        | Bought a talisman of death for 560 gold pieces
  2470 | D        | Round 14.
  2526 | D        | Reached XP level 18. HP: 96/149 MP: 9/18
  2532 | D        | Arena points: 2877 (+224) [x4]
  2547 | D        | Round 15.
  2549 | D        | Noticed Agnes
  2596 | D        | Killed Agnes
  2596 | D        | Identified the amulet "Vergh" {Spirit Str+3} (You found it
                  | in the Dungeon)
  2596 | D        | Arena points: 3867 (+990) [x6]
  2600 | D        | Got a mossy rune of Zot
  2616 | D        | Reached XP level 19. HP: 135/155 MP: 9/24
  2629 | D        | Bought a scroll of brand weapon for 95 gold pieces
  2631 | D        | Bought a scroll of brand weapon for 95 gold pieces
  2636 | D        | Bought 4 scrolls of enchant armour for 300 gold pieces
  2636 | D        | Bought 4 scrolls of enchant armour for 300 gold pieces
  2636 | D        | Bought 8 scrolls of enchant weapon for 600 gold pieces
  2675 | D        | Bought a scroll of enchant weapon for 150 gold pieces
  2676 | D        | Bought a quad damage for 400 gold pieces
  2676 | D        | Bought a quad damage for 400 gold pieces
  2676 | D        | Bought a quad damage for 400 gold pieces
  2698 | D        | Bought 3 scrolls of blinking for 225 gold pieces
  2698 | D        | Bought 3 scrolls of fog for 120 gold pieces
  2698 | D        | Bought 3 scrolls of silence for 285 gold pieces
  2773 | D        | Round 16.
  2802 | D        | Reached skill level 5 in Spellcasting
  2921 | D        | Arena points: 5435 (+1568) [x7]
  2948 | D        | Bought a throwing net for 45 gold pieces
  2963 | D        | Bought 3 potions of experience for 900 gold pieces
  2963 | D        | Bought 2 potions of experience for 600 gold pieces
  2968 | D        | Reached XP level 20. HP: 153/162 MP: 21/30
  2969 | D        | Reached XP level 21. HP: 160/168 MP: 22/31
  2969 | D        | Round 17.
  2970 | D        | Reached XP level 22. HP: 168/175 MP: 23/32
  2972 | D        | Reached XP level 23. HP: 180/184 MP: 24/33
  2973 | D        | Reached XP level 24. HP: 190/193 MP: 24/33
  3079 | D        | Reached skill level 10 in Armour
  3148 | D        | Arena points: 7475 (+2040) [x8]
  3170 | D        | Round 18.
  3239 | D        | Reached skill level 15 in Dodging
  3328 | D        | Arena points: 9905 (+2430) [x9]
  3361 | D        | Round 19.
  3531 | D        | Arena points: 10095 (+190) [x1]
  3546 | D        | Round 20.
  3552 | D        | Noticed Dissolution
  3576 | D        | Killed Dissolution
  3576 | D        | Arena points: 10875 (+780) [x3]
  3576 | D        | Found the dreamshard necklace {Acrobat *Dream}
  3580 | D        | Got a slimy rune of Zot
  3589 | D        | Reached XP level 25. HP: 128/212 MP: 24/33
  3785 | D        | Round 21.
  3923 | D        | Arena points: 12135 (+1260) [x4]
  3976 | D        | Round 22.
  4103 | D        | Arena points: 13675 (+1540) [x5]
  4165 | D        | Round 23.
  4182 | D        | Noticed an ancient lich
  4198 | D        | Killed an ancient lich
  4199 | D        | Reached skill level 15 in Armour
  4239 | D        | Arena points: 15745 (+2070) [x6]
  4254 | D        | Round 24.
  4397 | D        | Reached skill level 27 in Fighting
  4428 | D        | Arena points: 16153 (+408) [x1]
  4443 | D        | Round 25.
  4461 | D        | Noticed Mennas
  4500 | D        | Killed Mennas
  4500 | D        | Arena points: 17203 (+1050) [x3]
  4515 | D        | Got a silver rune of Zot
  4521 | D        | Reached XP level 26. HP: 209/242 MP: 8/33
  4541 | D        | Bought 8 scrolls of enchant weapon for 600 gold pieces
  4690 | D        | Round 26.
  4831 | D        | Arena points: 18867 (+1664) [x4]
  4890 | D        | Round 27.
  4890 | D        | Found the +4 dragonskin cloak
  4890 | D        | Noticed Tiamat
  4891 | D        | Upgraded the game from 0.32-a0-485-g70f7560b1c to
                  | 0.32-a0-520-g344ed53f66
  4905 | D        | Killed Tiamat
  4906 | D        | Reached XP level 27. HP: 247/249 MP: 22/33
  4973 | D        | Noticed an ancient lich
  4977 | D        | Noticed an orb of fire
  4982 | D        | Noticed an ancient lich
  4988 | D        | Killed an orb of fire
  5000 | D        | Killed an ancient lich
  5005 | D        | Killed an ancient lich
  5061 | D        | Arena points: 21702 (+2835) [x5]
  5233 | D        | Round 28.
  5249 | D        | Noticed a juggernaut
  5257 | D        | a juggernaut changed into a rockslime
  5280 | D        | Noticed a juggernaut
  5281 | D        | a juggernaut changed into a caustic shrike
  5294 | D        | a great orb of eyes changed into a juggernaut
  5294 | D        | Noticed a juggernaut (glowing shapeshifter)
  5298 | D        | a juggernaut changed into a golden dragon
  5336 | D        | a glowing shapeshifter changed into a juggernaut
  5336 | D        | Noticed a juggernaut (glowing shapeshifter)
  5348 | D        | Killed a juggernaut
  5349 | D        | a rockslime changed into a juggernaut
  5349 | D        | Noticed a juggernaut (glowing shapeshifter)
  5354 | D        | Killed a juggernaut
  5409 | D        | Arena points: 24558 (+2856) [x6]
  5447 | D        | Round 29.
  5472 | D        | Noticed a royal mummy
  5476 | D        | Killed a royal mummy
  5490 | D        | Noticed a royal mummy
  5498 | D        | Killed a royal mummy
  5503 | D        | Noticed a royal mummy
  5513 | D        | Killed a royal mummy
  5515 | D        | Noticed a royal mummy
  5517 | D        | Reached skill level 27 in Shapeshifting
  5525 | D        | Killed a royal mummy
  5529 | D        | Reached skill level 10 in Spellcasting
  5553 | D        | Noticed a royal mummy
  5566 | D        | Killed a royal mummy
  5566 | D        | Arena points: 27806 (+3248) [x7]
  5627 | D        | Round 30.
  5634 | D        | Noticed Dispater
  5664 | D        | Killed Dispater
  5664 | D        | Arena points: 32126 (+4320) [x9]
  5668 | D        | Got an iron rune of Zot
  5890 | D        | Round 31.
  5953 | D        | Paralysed by a greater air elemental for 1 turns
  6000 | D        | Paralysed by a greater air elemental for 1 turns
  6015 | D        | Paralysed by a greater air elemental for 1 turns
  6018 | D        | Arena points: 38326 (+6200) [x10]
  6078 | D        | Round 32.
  6097 | D        | Reached skill level 15 in Spellcasting
  6200 | D        | Arena points: 46070 (+7744) [x11]
  6273 | D        | Round 33.
  6273 | D        | Found the +13 sceptre of Asmodeus
  6273 | D        | Noticed Asmodeus
  6297 | D        | Killed Asmodeus
  6297 | D        | Identified the scarf "Itsosets" {repulsion, Int+4} (You
                  | found it in the Dungeon)
  6297 | D        | Arena points: 53363 (+7293) [x13]
  6301 | D        | Got an obsidian rune of Zot
  6478 | D        | Round 34.
  6499 | D        | Reached skill level 5 in Maces & Flails
  6516 | D        | Reached skill level 10 in Maces & Flails
  6552 | D        | Reached skill level 15 in Maces & Flails
  6565 | D        | Arena points: 64787 (+11424) [x14]
  6583 | D        | Round 35.
  6597 | D        | Reached skill level 5 in Earth Magic
  6620 | D        | Reached skill level 10 in Earth Magic
  6654 | D        | Arena points: 73712 (+8925) [x15]
  6669 | D        | Round 36.
  6673 | D        | Noticed Ereshkigal
  6700 | D        | Killed Ereshkigal
  6700 | D        | Arena points: 84728 (+11016) [x17]
  6701 | D        | Reached skill level 15 in Earth Magic
  6704 | D        | Got a bone rune of Zot
  6879 | D        | Round 37.
  6917 | D        | Arena points: 100712 (+15984) [x18]
  6971 | D        | Round 38.
  6974 | D        | Noticed Ignacio
  6999 | D        | Killed Ignacio
  7013 | D        | Reached skill level 27 in Earth Magic
  7054 | D        | Arena points: 120206 (+19494) [x19]
  7065 | D        | Bought a book of Annihilations for 420 gold pieces
  7075 | D        | Learned a level 9 spell: Shatter
  7089 | D        | Round 39.
  7089 | D        | Noticed Gloorx Vloq
  7104 | D        | Bought a potion of lignification for 45 gold pieces
  7117 | D        | Killed Gloorx Vloq
  7117 | D        | Arena points: 135767 (+15561) [x21]
  7118 | D        | Got a dark rune of Zot
  7292 | D        | Round 40.
  7422 | D        | Arena points: 163927 (+28160) [x22]
  7484 | D        | Round 41.
  7495 | D        | Reached skill level 27 in Spellcasting
  7495 | D        | Reached skill level 27 in Armour
  7505 | D        | Reached skill level 10 in Conjurations
  7535 | D        | Arena points: 186559 (+22632) [x23]
  7547 | D        | Bought 4 scrolls of blinking for 300 gold pieces
  7576 | D        | Round 42.
  7577 | D        | Noticed Master Blaster
  7593 | D        | Killed Master Blaster
  7593 | D        | Identified the +0 cloak of the Nexus {Rampage rC++ rN+++
                  | Int-2} (You found it in the Dungeon)
  7593 | D        | Arena points: 207559 (+21000) [x25]
  7602 | D        | Got a demonic rune of Zot
  7613 | D        | Got the Orb of Zot
  7615 | D        | Escaped with the Orb!

Illustrated notes

Levels and vault maps discovered:
D:        arena_sprint

Skill      XL: |  1  2  3  4  5  6  7  8  9 10 11 12 13 14 15 16 17 18 19 20 21 22 23 24 25 26 27 |
---------------+----------------------------------------------------------------------------------+-----
Evocations     | 8 9 |  9.0
Throwing       | 4 5 6 |  6.0
Fighting       | 3 6 9 10 11 12 15 16 20 27 | 27.0
Dodging        | 3 5 7 9 12 20 22 24 26 | 26.5
Short Blades   | 2 |  2.0
Long Blades    | 10 13 | 13.9
Shapeshifting  | 3 8 9 10 11 12 20 21 22 23 27 | 27.0
Armour         | 7 11 17 27 | 27.0
Spellcasting   | 3 6 27 | 27.0
Maces & Flails | 16 | 16.0
Ice Magic      | 2 |  2.8
Earth Magic    | 27 | 27.0
Conjurations   | 26 | 26.4
Stealth        | |  3.2

Action                     |  1- 3 |  4- 6 |  7- 9 | 10-12 | 13-15 | 16-18 | 19-21 | 22-24 | 25-27 || total
---------------------------+-------+-------+-------+-------+-------+-------+-------+-------+-------++-------
  Melee: Dagger            |     2 |    19 |   228 |       |       |       |       |       |       ||   249
         Demon blade       |       |       |    38 |    85 |       |   238 |    55 |   140 |   800 ||  1356
         Long sword        |       |       |    38 |    85 |       |   234 |    55 |   135 |   235 ||   782
         Eudemon blade     |       |       |       |       |       |       |       |       |   332 ||   332
         Eveningstar       |       |       |       |       |       |       |       |       |   234 ||   234
  Throw: Dart              |     7 |     9 |     7 |    14 |       |     5 |       |       |       ||    42
   Cast: Shatter           |       |       |       |       |       |       |       |       |     3 ||     3
 Invoke: Potion Petition   |       |       |       |       |       |     2 |       |     4 |    17 ||    23
Ability: Begin Untransform |       |       |       |       |       |     1 |       |     1 |     4 ||     6
         Siphon Essence    |       |       |       |       |       |       |       |     1 |     1 ||     2
  Evoke: Wand              |     2 |     4 |       |       |       |     5 |       |       |     4 ||    15
         Quad damage       |       |       |       |       |       |       |       |       |     3 ||     3
    Use: Potion            |       |       |     1 |     5 |     3 |    17 |     3 |     3 |     7 ||    39
         Scroll            |       |       |       |       |       |     1 |    19 |       |    13 ||    33
   Stab: Confused          |       |       |     8 |       |       |       |       |       |       ||     8
         Distracted        |       |       |       |     3 |       |       |     1 |     6 |    48 ||    58
         Invisible         |       |       |       |       |       |       |       |     9 |     5 ||    14
 Armour: Robe              |     1 |    37 |    62 |    26 |       |       |       |       |       ||   126
         Fire dragon scale |       |       |       |     8 |       |   155 |    14 |    57 |   346 ||   580
         Skin              |       |       |       |       |       |       |       |       |    48 ||    48
  Dodge: Dodged            |       |    54 |   122 |    37 |       |   171 |    20 |    68 |   519 ||   991
         Repelled          |       |       |       |       |       |       |       |       |    40 ||    40
  Block: Other             |       |     9 |    29 |     3 |       |    14 |     2 |    13 |    81 ||   151
         Reflection        |       |       |       |       |       |     1 |       |     1 |     1 ||     3
   Form: Death             |       |       |       |       |       |     1 |     1 |     1 |     5 ||     8
                           |       |       |       |       |       |       |     1 |       |       ||     1

Table legend: (Time is in decaauts)
 A = Elapsed time spent in this place.
 B = Non-inter-level travel time spent in this place.
 C = Inter-level travel time spent in this place.
 D = Time resting spent in this place.
 E = Time spent auto-exploring this place.
 F = Levels seen in this place.
 G = Mean time per level.
                   A        B        C        D        E       F      G
               +--------+--------+--------+--------+--------+-----+--------+
         Total |   6821 |   6615 |    206 |   1435 |    888 |   1 | 6821.0 |
       Dungeon |   6821 |   6615 |    206 |   1435 |    888 |   1 | 6821.0 |
               +--------+--------+--------+--------+--------+-----+--------+

Top non-repeatable levels by time:
       D: 6821 daAuts
